 Dungeon Sprint DCSS version 0.26-a0-931-g326f72de0d (webtiles) character file.

Game seed: 16470956162608463581

0 sahdkjhfkaj the Magician (level 1, 11/11 HPs)
             Began as a Halfling Hedge Wizard on Nov 26, 2020.
             Quit the game in the Dungeon (Sprint V: "Ziggurat Sprint").
             The game lasted 00:02:17 (97 turns).

sahdkjhfkaj the Magician (Halfling Hedge Wizard)      Turns: 97, Time: 00:02:18

Health: 11/11      AC: 25    Str: 23    XL:     1   Next: 0%
Magic:  3/3        EV:  9    Int: 12    God:
Gold:   0          SH:  0    Dex: 13    Spells: 4/4 levels left

rFire    . . .     SeeInvis .   a - +7 Singing Sword {vorpal, sonic wave}
rCold    . . .     Faith    .   (shield currently unavailable)
rNeg     . . .     Spirit   .   F - +15 Maxwell's patent armour {-Cast -Tele rElec MR+ rCorr}
rPois    .         Reflect  .   c - +0 hat
rElec    +         Harm     .   (no cloak)
rCorr    +         Rampage  .   (no gloves)
MR       +....     NoTele   +   (no boots) Stlth ..........NoCast +
                                (no amulet)
HPRegen  0.03/turn              z - +6 ring of strength
MPRegen  0.08/turn              A - +6 ring of strength

@: no status effects
A: small, mutation resistance 1
a: no special abilities


You were in the Dungeon.
You visited 1 branch

Inventory:

Hand Weapons
 a - the +7 Singing Sword (weapon) {vorpal, sonic wave}
   (You found it in the Dungeon)

   It inflicts extra damage upon your enemies.
Armour
 c - a +0 hat (worn)
 F - the +15 Maxwell's patent armour (worn) {-Cast -Tele rElec MR+ rCorr}
   (You found it in the Dungeon)

   It insulates you from electricity.
   It affects your resistance to hostile enchantments.
   It prevents spellcasting.
   It prevents most forms of teleportation.
   It provides partial protection from all sources of acid and corrosion.
Jewellery
 u - an uncursed ring of flight
 v - a +6 ring of dexterity
 w - a +6 ring of dexterity
 x - a +6 ring of intelligence
 y - a +6 ring of intelligence
 z - a +6 ring of strength (left hand)
 A - a +6 ring of strength (right hand)
Wands
 B - a wand of disintegration (7) (quivered)
 C - a wand of iceblast (7)
 D - a wand of acid (7)
Scrolls
 j - 4 scrolls of blinking {!r}
 o - 3 scrolls of amnesia {!r}
 p - 7 scrolls of fog {!r}
 q - a scroll of holy word {!r}
 r - 5 scrolls of identify {!r}
 s - 5 scrolls of remove curse {!r}
 t - 2 scrolls of fear {!r}
Potions
 d - 2 potions of brilliance {!q}
 e - 10 potions of curing {!q}
 f - 10 potions of heal wounds {!q}
 g - 6 potions of haste {!q}
 h - 7 potions of magic {!q}
 i - 3 potions of berserk rage {!q}
 k - 2 potions of invisibility {!q}
 l - 4 potions of resistance {!q}
 m - a potion of experience {!q}
 n - 5 potions of might {!q}
Miscellaneous
 E - a lightning rod (4/4)


   Skills:
 + Level 0.0 Fighting
 * Level 0.0 Long Blades
 + Level 0.0 Armour
 + Level 2.1 Dodging
 - Level 2.1 Stealth
 * Level 0.0 Shields
 - Level 2.4 Spellcasting
 - Level 0.7 Conjurations
 - Level 0.7 Summonings
 - Level 1.1 Translocations


You had 4 spell levels left.
You didn't know any spells.
Your spell library contained the following spells:

 Spells                   Type           Power        Failure   Level
 Magic Dart               Conj           #...         99%         1
 Blink                    Tloc           N/A          99%         2
 Call Imp                 Summ           #.......     100%        2
 Slow                     Hex            #.......     100%        2
 Conjure Flame            Conj/Fire      #.......     100%        3
 Mephitic Cloud           Conj/Pois/Air  #.......     100%        3


Dungeon Overview and Level Annotations

Branches:
Dungeon (1/1)

Altars:
Ashenzari
Cheibriados
Dithmenos
Elyvilon
Fedhas
Gozag
Hepliaklqana
Kikubaaqudgha
Makhleb
Nemelex Xobeh
Okawaru
Qazlal
Ru
Sif Muna
Trog
Uskayaw
Vehumet
Wu Jian
Xom
Yredelemnul
Zin
The Shining One
Beogh
Jiyva
Lugonu

Annotations:
D 1 transporter


Innate Abilities, Weirdness & Mutations

You are small and have problems with some larger weapons.
You are somewhat resistant to further mutation.


Message History

You continue taking off the +18 shield of the Gong {rElec rN+ MR+ EV-5}. x4
You finish taking off the +18 shield of the Gong {rElec rN+ MR+ EV-5}.
You drop the +18 shield of the Gong {rElec rN+ MR+ EV-5}.
The sword says, "Hi!
I'm the Singing Sword!"
a - the +7 Singing Sword (weapon)
{vorpal, sonic wave} Unknown command.
Partly explored, unvisited transporter.
Partly explored, unvisited transporter.
Partly explored, unvisited transporter.
Partly explored, unvisited transporter.
Partly explored, unvisited transporter.
Partly explored, unvisited transporter.
Partly explored, unvisited transporter.
Partly explored, unvisited transporter.
Okay, then.
There is an opulent altar of Gozag here.
Level annotation: 1 transporter Welcome back, sahdkjhfkaj the Halfling Hedge Wizard.
Press ? for a list of commands and other information.
Are you sure you want to abandon this character and quit the game? (Confirm with "yes".)

▓_.........[).._▓
▓8.........[...8▓
▓_..))........._▓
▓8..)).........8▓
▓_..()........._▓
▓8...).........8▓
▓_............._▓
▓8...[.........8▓
▓_@..[.<......._▓
▓8.............8▓
▓_............._▓
▓8_8_8_8_8_8_8_8▓
▓▓▓▓▓▓▓▓▓▓▓▓▓▓▓▓▓


There were no monsters in sight!

Vanquished Creatures (others)
  2 ynoxinuls (D)
2 creatures vanquished.

Notes
Turn   | Place    | Note
-------+----------+-------------------------------------------
     0 | D        | sahdkjhfkaj the Halfling Hedge Wizard began the quest for
                  | the Orb.
     0 | D        | Reached XP level 1. HP: 11/11 MP: 3/3
     0 | D        | Found a shimmering blue altar of Sif Muna.
     0 | D        | Found a sacrificial altar of Ru.
     0 | D        | Found a bloodstained altar of Trog.
     0 | D        | Found a stormy altar of Qazlal.
     0 | D        | Found an iron altar of Okawaru.
     0 | D        | Found a sparkling altar of Nemelex Xobeh.
     0 | D        | Found a blossoming altar of Fedhas.
     1 | D        | Found the +6 Majin-Bo {vamp, MP+6 Int+6}
     1 | D        | Found the +9 heavy crossbow "Sniper" {vorpal, Acc+∞ SInv}
     1 | D        | Found the +10 dark maul {vorpal}
     1 | D        | Found the +15 Maxwell's patent armour {-Cast -Tele rElec
                  | MR+ rCorr}
     1 | D        | Found the +18 shield of the Gong {rElec rN+ MR+ EV-5}
     1 | D        | Found the cursed +14 obsidian axe {vorpal, +Fly SInv
                  | *Curse}
     1 | D        | Found the +7 great mace "Firestarter" {inner flame, rF++}
     1 | D        | Found the +6 shillelagh "Devastator" {shatter}
     1 | D        | Found the +11 plutonium sword {*Contam Stlth-}
     1 | D        | Found the +8 lance "Wyrmbane" {slay drac, rPois rF+ rC+
                  | AC+3}
     1 | D        | Found the +9 sword of Zonguldrok {reap}
     1 | D        | Found the cursed +13 scythe of Curses {drain, *Curse}
     1 | D        | Found the +0 sword of Power
     1 | D        | Found the +7 mace of Variability {chain chaos}
     1 | D        | Found the +7 Singing Sword {vorpal, sonic wave}
     1 | D        | Found the +8 storm bow {elec, penet}
     2 | D        | Found a transporter.
     2 | D        | Found an ancient bone altar of Kikubaaqudgha.
     2 | D        | Found a viscous altar of Jiyva.
     2 | D        | Found a corrupted altar of Lugonu.
     2 | D        | Found a hazy altar of Hepliaklqana.
     2 | D        | Found a burning altar of Makhleb.
     2 | D        | Found an opulent altar of Gozag.
    25 | D        | Killed a ynoxinul
    27 | D        | Killed a ynoxinul
    97 | D        | Quit the game

Illustrated notes

Levels and vault maps discovered:
D:        sprint_v [room_start, room_1, room_2, room_3, room_4, room_5, room_6,
          room_7, room_8, room_9, room_10, room_11, room_12, room_13, room_14,
          room_15, room_16, room_17, room_18, room_19, room_20, room_21,
          room_22, room_23, room_24, room_25, room_26, room_27]

Action                   || total
-------------------------++-------
  Use: Scroll            ||     1

Table legend: (Time is in decaauts)
 A = Elapsed time spent in this place.
 B = Non-inter-level travel time spent in this place.
 C = Inter-level travel time spent in this place.
 D = Time resting spent in this place.
 E = Time spent auto-exploring this place.
 F = Levels seen in this place.
 G = Mean time per level.
                   A        B        C        D        E       F      G
               +--------+--------+--------+--------+--------+-----+--------+
         Total |     95 |     87 |      8 |      0 |     21 |   1 |   95.0 |
       Dungeon |     95 |     87 |      8 |      0 |     21 |   1 |   95.0 |
               +--------+--------+--------+--------+--------+-----+--------+

Top non-repeatable levels by time:
       D: 95 daAuts
